 Dungeon Crawl Stone Soup version 0.21.1-1-g345015f (webtiles) character file.

77 antender the Conjurer (level 4, -1/33 HPs)
             Began as a Draconian Conjurer on Feb 5, 2018.
             Killed from afar by a dart slug (5 damage)
             ... with a slug dart
             ... on level 3 of the Dungeon.
             The game lasted 00:03:58 (2600 turns).

antender the Conjurer (Draconian Conjurer)          Turns: 2600, Time: 00:03:59

Health: -1/33      AC:  5    Str: 10    XL:     4   Next: 13%
Magic:  1/7        EV: 12    Int: 17    God:
Gold:   169        SH:  0    Dex: 11    Spells: 6/7 levels left

rFire    . . .     SeeInvis .   (no weapon)
rCold    . . .     Gourm    .   (no shield)
rNeg     . . .     Faith    .   (armour unavailable)
rPois    .         Spirit   .   (helmet restricted)
rElec    .         Reflect  .   (no cloak)
rCorr    .         Harm     .   (no gloves)
MR       .....                  (no boots)
Stlth    ++........             (no amulet)
HPRegen  0.11/turn              (no ring)
MPRegen  0.10/turn              (no ring)

@: no status effects
A: unfitting armour, cold-blooded, AC +5
a: no special abilities


You were on level 3 of the Dungeon.
You were not hungry.

You visited 1 branch of the dungeon, and saw 3 of its levels.

You collected 169 gold pieces.

Inventory:

Jewellery
 i - an uncursed amulet of faith {unknown}
Scrolls
 d - 2 scrolls of enchant armour {unknown}
 e - a scroll of remove curse {unknown}
 f - a scroll of blinking {unknown}
 g - a scroll of enchant weapon {unknown}
 h - 2 scrolls of identify {unknown}
Potions
 c - 2 potions of berserk rage {unknown}
 j - a potion of curing {unknown}
 k - a potion of heal wounds {unknown}
Books
 a - a book of Conjurations

   Spells                             Type                      Level
   a - Magic Dart                     Conjuration                  1
   b - Searing Ray                    Conjuration                  2
   c - Dazzling Spray                 Conjuration/Hexes            3
   d - Fulminant Prism                Conjuration/Hexes            4
   e - Force Lance                    Conjuration/Translocation    4
   f - Iskenderun's Mystic Blast      Conjuration                  4
Comestibles
 b - 4 rations


   Skills:
 - Level 1.7 Dodging
 - Level 1.7 Stealth
 - Level 2.0 Spellcasting
 + Level 5.7 Conjurations


You had 6 spell levels left.
You knew the following spells:

 Your Spells              Type           Power        Failure   Level  Hunger
a - Magic Dart            Conj           ###.         1%          1    #......


Dungeon Overview and Level Annotations

Branches:
Dungeon (3/15)

Altars:
Yredelemnul

Annotations:
D:2 Sigmund


Innate Abilities, Weirdness & Mutations

Your plain brown scales are hard. (AC +5)
You cannot fit into any form of body armour.
You are cold-blooded and may be slowed by cold attacks.


Message History

Aiming: Magic Dart
Press: ? - help, Shift-Dir - straight line, f/p - orc
Aim: an orc, wielding a club (severely wounded)
The magic dart hits the orc.
You kill the orc!
The dart slug launches a dart at you. The slug dart misses you.
Found a thin pearl amulet.
Found 2 scrolls labeled HIQALENETA.
You see here a scroll labeled BEF MEXTESELE.
h - 2 scrolls labeled BEF MEXTESELE (gained 1)
The orc wizard casts a spell at you. The puff of frost hits you!
The orc priest invokes the aid of Beogh against you.
Beogh smites you!
* * * LOW HITPOINT WARNING * * *
The orc shouts!
The dart slug launches a dart at you. The slug dart hits you!
You die...

..........#
###
#[........#
#..
#.........#
#.#
#...r.o...#
#.#
#....o.o..#
#.#
$.....o..#
####.# ##
##.####o##
#.....
#...#....w).#
##.P.P.
#...@######
#..._..
#...#.......#
###..P.P. ###
##.?....#
#........
.......#
#....##..
.......#
#....##..
........#
#....##..
..".....#
#....##..
.........#
#....##..
#........


You could see an orc priest, a dart slug and a rat (wandering).

Vanquished Creatures
  4 adders
  A worm (D:2)
  2 leopard geckos (D:2)
  An orc (D:3)
  4 bats
  A giant cockroach (D:1)
  4 goblins (D:1)
  6 hobgoblins
  2 quokkas (D:2)
  A ball python (D:3)
  2 frilled lizards
  3 kobolds (D:1)
  3 rats
34 creatures vanquished.

Notes
Turn   | Place    | Note
-------+----------+-------------------------------------------
     0 | D:1      | antender the Draconian Conjurer began the quest for the Orb.
     0 | D:1      | Reached XP level 1. HP: 14/14 MP: 3/3
   459 | D:1      | Reached XP level 2. HP: 20/20 MP: 1/5
  1211 | D:2      | Reached skill level 5 in Conjurations
  1211 | D:2      | Reached XP level 3. HP: 26/26 MP: 1/6
  2355 | D:2      | Noticed Sigmund
  2542 | D:3      | Found a basalt altar of Yredelemnul.
  2592 | D:3      | Reached XP level 4. HP: 22/33 MP: 3/7
  2600 | D:3      | Killed from afar by a dart slug

Skill      XL: |  1  2 |
---------------+-------+-----
Conjurations   | 5 |  5.7
Dodging        | |  1.7
Stealth        | |  1.7
Spellcasting   | |  2.0

Action                   |  1- 3 |  4- 6 || total
-------------------------+-------+-------++-------
Melee: Unarmed           |    24 |       ||    24
       Tailslap          |     1 |       ||     1
 Cast: Magic Dart        |   101 |     4 ||   105
  Eat: Chunk             |     7 |       ||     7
Armor: Skin              |    17 |     1 ||    18
Dodge: Dodged            |    33 |     1 ||    34
